AoeStats
← Gaster

Arabia

510133430Analyzed
1v1 RM · 3d ago on Sep 29, 2026· 36m 45s· 2 players
Game mode
Random Map
Map size
Tiny (2 player)
Population
200
Speed
Normal
Resources
Standard
Victory
Conquest
Starting age
Dark Age
Ending age
Imperial Age
RankedLock teamsTeams togetherTeam positionsShared explorationLock speedFull tech treeHidden civsTurbo modeCheats
Victory
Defeat
🇬🇧 Franks · United Kingdom
808
+14
🇺🇸 Bulgarians · United States
757
-14
gingerman52
11:47 Feudal Age
12:45 Horse Collar
16:31 Double-Bit Axe
24:36 Castle Age
24:18 Forging
24:39 Pikeman
28:13 Loom
28:40 Squires
28:43 Scale Mail Armor
29:25 Bow Saw
33:22 Arson
35:15 Wheelbarrow
Gaster
0:26 Loom
6:20 Loom
9:47 Feudal Age
11:53 Double-Bit Axe
12:54 Scale Barding Armor
21:45 Castle Age
20:41 Forging
20:24 Fletching
22:25 Wheelbarrow
21:36 Town Watch
23:47 Bow Saw
24:15 Town Patrol
24:58 Hand Cart
26:43 Iron Casting
27:40 Chain Barding Armor
29:02 Scale Mail Armor
33:58 Imperial Age
32:40 Gold Mining
32:40 Stone Mining
33:10 Chain Mail Armor
32:51 Bodkin Arrow
33:19 Ballistics
35:17 Plate Barding Armor
36:11 Blast Furnace
34:44 Cavalier
Connection lost

Rejoining the realm…

Still unreachable

The connection could not be restored.

Session expired

The server has moved on; the page needs a fresh start.